 Dungeon Crawl Stone Soup version 0.20.1-1-g8b1a95d (webtiles) character file.

1507 Goboxel the Slasher (level 8, -3/73 HPs)
             Began as a Purple Draconian Monk on Aug 12, 2017.
             Was a Believer of Qazlal.
             Slain by a two-headed ogre
             ... wielding a +0 giant club
              (21 damage)
             ... on level 8 of the Dungeon.
             The game lasted 00:14:18 (8150 turns).

Goboxel the Slasher (Purple Draconian Monk)         Turns: 8150, Time: 00:14:19

Health: -3/73      AC:  8    Str: 14    XL:     8   Next: 53%
Magic:  17/17      EV: 17    Int: 10    God:    Qazlal [**....]
Gold:   204        SH:  3    Dex: 19    Spells: 7/7 levels left

rFire    . . .     SeeInvis .   B - +1 falchion (flame)
rCold    . . .     Gourm    .   (no shield)
rNeg     . . .     Faith    +   (armour unavailable)
rPois    .         Spirit   .   (helmet restricted)
rElec    .         Reflect  .   (no cloak)
rCorr    .         Harm     .   q - +1 pair of gloves
MR       +....                  (no boots)
Stlth    ++........             m - amulet of faith
Regen    0.3/turn               l - +3 ring of dexterity
MPRegen  0.2/turn               C - ring of magical power

@: short of breath
A: breathe power, unfitting armour, cold-blooded, AC +6
a: Breathe Dispelling Energy, Upheaval, Renounce Religion


You were on level 8 of the Dungeon.
You worshipped Qazlal.
Qazlal was pleased with you.
You were not hungry.

You visited 2 branches of the dungeon, and saw 9 of its levels.
You also visited: Sewer.

You collected 340 gold pieces.
You spent 136 gold pieces at shops.

Inventory:

Hand Weapons
 g - a +2 dagger of speed
 B - a +1 falchion of flaming (weapon)
Armour
 q - a +1 pair of gloves (worn)
Magical Staves
 y - an uncursed staff of cold
Jewellery
 l - a +3 ring of dexterity (left hand)
 m - an amulet of faith (around neck)
 n - an uncursed amulet of the gourmand
 C - a ring of magical power (right hand)
Wands
 t - a wand of iceblast (0/15)
 E - a wand of lightning (4/15)
Scrolls
 a - 2 scrolls of noise {unknown}
 d - 4 scrolls of teleportation
 h - 3 scrolls of enchant armour
 r - a scroll of fog
 w - a scroll of fear
 A - a scroll of amnesia
 D - 2 scrolls of identify
Potions
 c - 3 potions of heal wounds
 e - a potion of degeneration {unknown}
 i - 4 potions of brilliance
 k - 2 potions of might
 o - 5 potions of curing
 p - a potion of flight
 s - a potion of cancellation {unknown}
 u - 2 potions of berserk rage {unknown}
 v - 3 potions of haste
 x - a potion of magic {unknown}
 z - a potion of agility {unknown}
Books
 F - a book of Flames

   Spells                             Type                      Level
   a - Flame Tongue                   Conjuration/Fire             1
   b - Throw Flame                    Conjuration/Fire             2
   c - Conjure Flame                  Conjuration/Fire             3
   d - Inner Flame                    Hexes/Fire                   3
   e - Sticky Flame                   Conjuration/Fire             4
   f - Fireball                       Conjuration/Fire             5
Comestibles
 b - 6 bread rations
 f - 5 royal jellies
 j - 6 meat rations


   Skills:
 + Level 7.1 Fighting
 + Level 7.3 Long Blades
 + Level 6.0 Dodging
 - Level 1.7 Stealth
 + Level 0.9 Invocations


You had 7 spell levels left.
You didn't know any spells.

Dungeon Overview and Level Annotations

Branches:
Dungeon (8/15)             Temple (1/1) D:6
   Lair: D:8-11

Altars:
Hepliaklqana
Kikubaaqudgha
Makhleb
Okawaru
Qazlal
Trog
Vehumet
Zin

Shops:
D:4 %   D:6 (

Annotations:
D:5 Goboxel's ghost, novice DsGl


Innate Abilities, Weirdness & Mutations

You can breathe bolts of dispelling energy.
Your rich purple scales are hard. (AC +6)
You cannot fit into any form of body armour.
You are cold-blooded and may be slowed by cold attacks.


Message History

Qazlal accepts your kill.
Autopickup is now on.
F - a book of Flames A two-headed ogre comes into view.
It is wielding a giant club and a giant spiked club.
Press: ? - help, Shift-Dir - straight line, f - two-headed ogre
Aim: a two-headed ogre, wielding a giant club and a giant spiked club You breathe a bolt of dispelling energy.
The bolt of dispelling energy hits the two-headed ogre.
The two-headed ogre is lightly wounded.
You feel somewhat more hungry.
Evoke which item? (* to show all) (? for menu, Esc to quit)
Aiming: Iceblast (will waste charges)
Press: ? - help, Shift-Dir - straight line, f/p - two-headed ogre
Aim: a two-headed ogre, wielding a giant club and a giant spiked club (lightly wounded) Nothing appears to happen.
An eye of draining comes into view.
The two-headed ogre hits you with a giant club!!
* * * LOW HITPOINT WARNING * * *
The two-headed ogre hits you with a giant spiked club!!
You die...

## ###############
#...######.............#
#.....O@...###########.#
#...######## ### #.# ..)
..# #.# G #.# #.# #.#
#.# ##.###.#
######..<##.#
..........#.#
######.....#.


You could see a two-headed ogre.

Vanquished Creatures
  An ice beast (D:7)
  2 centaurs (D:5)
  3 bullfrogs
  A wyvern zombie (D:6)
  2 bullfrog zombies
  3 orc priests
  2 bullfrog skeletons
  2 hounds
  3 jellies
  Natasha (thrice) (D:4)
  7 orc wizards
  3 worker ants
  4 gnolls (D:6)
  10 adders
  2 river rats (Sewer)
  A shadow imp (D:5)
  An ooze (D:6)
  An adder zombie (D:5)
  2 adder skeletons
  2 worms
  2 dart slugs
  6 leopard geckos
  18 orcs
  13 giant cockroaches
  6 goblins
  16 hobgoblins
  6 jackals
  A quokka (D:6)
  5 ball pythons
  10 bats
  9 frilled lizards
  7 kobolds
  13 rats
167 creatures vanquished.

Vanquished Creatures (others)
  A quokka skeleton (D:4)
1 creature vanquished.

Grand Total: 168 creatures vanquished

Notes
Turn   | Place    | Note
-------+----------+-------------------------------------------
     0 | D:1      | Goboxel the Draconian Monk began the quest for the Orb.
     0 | D:1      | Reached XP level 1. HP: 19/19 MP: 1/1
   294 | D:1      | Reached XP level 2. HP: 21/26 MP: 2/2
   724 | D:1      | Reached XP level 3. HP: 33/33 MP: 3/3
  1030 | D:2      | Found a burning altar of Makhleb.
  1334 | D:2      | Found a hazy altar of Hepliaklqana.
  1412 | D:3      | Found a faded altar of an unknown god.
  1443 | D:3      | Found an ancient bone altar of Kikubaaqudgha.
  1455 | D:3      | Reached XP level 4. HP: 39/40 MP: 4/4
  1574 | D:3      | HP: 2/40 [orc priest/divine providence (13)]
  2402 | D:3      | Reached XP level 5. HP: 46/47 MP: 5/5
  2668 | D:4      | Noticed Natasha
  2702 | D:4      | Killed Natasha
  2702 | D:4      | Reached skill level 5 in Long Blades
  2876 | D:4      | Reached XP level 6. HP: 27/55 MP: 6/6
  2889 | D:4      | Reached skill level 5 in Fighting
  2899 | D:4      | Found a glowing drain.
  2953 | Sewer    | Entered a sewer
  3507 | D:4      | Found an iron altar of Okawaru.
  3710 | D:4      | Your scales start taking on a rich purple colour.
  3710 | D:4      | Reached XP level 7. HP: 50/61 MP: 7/7
  3805 | D:4      | Found Deot's Food Boutique.
  4205 | D:4      | Noticed Natasha
  4209 | D:4      | Killed Natasha
  4323 | D:4      | Noticed Natasha
  4339 | D:4      | Killed Natasha
  4349 | D:5      | Entered Level 5 of the Dungeon
  4362 | D:5      | Noticed Goboxel's ghost (novice DsGl)
  4578 | D:5      | Reached skill level 5 in Dodging
  4675 | D:5      | Found a stormy altar of Qazlal.
  4776 | D:5      | Became a worshipper of Qazlal Stormbringer
  4776 | D:5      | Reached * piety under Qazlal
  4776 | D:5      | Reached ** piety under Qazlal
  5145 | D:4      | Found a glowing silver altar of Zin.
  5926 | D:6      | Reached XP level 8. HP: 18/71 MP: 8/8
  6365 | D:6      | Found a staircase to the Ecumenical Temple.
  6373 | Temple   | Entered the Ecumenical Temple
  6732 | D:6      | Found Ymuarr's Weapon Boutique.
  6739 | D:6      | Bought a +1 falchion of flaming for 136 gold pieces
  6902 | D:6      | Found a bloodstained altar of Trog.
  8148 | D:8      | Noticed a two-headed ogre
  8150 | D:8      | Slain by a two-headed ogre

Skill      XL: |  1  2  3  4  5  6  7  8 |
---------------+-------------------------+-----
Dodging        | 3 4 5 6 |  6.0
Fighting       | 4 5 6 7 |  7.1
Long Blades    | 4 5 6 7 |  7.3
Stealth        | |  1.7
Invocations    | |  0.9

Action                   |  1- 3 |  4- 6 |  7- 9 || total
-------------------------+-------+-------+-------++-------
Melee: Falchion          |   109 |   241 |   250 ||   600
       Tailslap          |    13 |    58 |    64 ||   135
 Abil: Breathe Dispellin |       |       |     6 ||     6
Evoke: Wand              |       |       |     3 ||     3
  Use: Scroll            |     7 |     5 |     4 ||    16
       Potion            |       |     1 |       ||     1
 Stab: Sleeping          |     4 |    11 |     1 ||    16
  Eat: Chunk             |     6 |    14 |     9 ||    29
Armor: Skin              |    45 |    79 |    56 ||   180
Dodge: Dodged            |    97 |   206 |   184 ||   487
Block: Other             |       |       |    22 ||    22
       Rpst.: Falchion   |    31 |    68 |    57 ||   156
